 Dungeon Crawl Stone Soup version 0.30.0-5-g1a98f26d00 (webtiles) character file.

Game seed: 14152294347615149596

242 Monkooky the Firebug (level 5, -3/58 HPs)
             Began as a Demonspawn Wanderer on May 12, 2023.
             Was a Priest of Fedhas.
             Succumbed to an orc wizard's poison
             ... on level 4 of the Dungeon.
             The game lasted 00:06:59 (3993 turns).

Monkooky the Firebug (Demonspawn Wanderer)          Turns: 3993, Time: 00:07:00

Health: -3/58      AC:  6    Str: 12    XL:     5   Next: 81%
Magic:  1/8        EV: 11    Int: 17    God:    Fedhas [***...]
Gold:   231        SH:  0    Dex: 11    Spells: 1/8 levels left

rFire   . .          .
                       - Unarmed
rCold   . . .        (no shield)
rNeg    . . .        d - +0 robe
rPois   .            b - +0 helmet
rElec   .            (no cloak)
rCorr   +            x - +2 pair of gloves
SInv    .            (no boots)
Will    .....        (no amulet) Stlth
                     n - ring of wizardry
HPRegen 0.29/turn    u - ring of resist corrosion
MPRegen 0.11/turn

%: wizardry (x1)
@: mighty, berserking, lethally poisoned (-3 -> -23), flying, very quick
A: foul stench 1, demonic touch 2
a: Renounce Religion, Wall of Briars, Grow Ballistomycete


You were on level 4 of the Dungeon.
You worshipped Fedhas.
Fedhas was most pleased with you.
You visited 1 branch of the dungeon, and saw 4 of its levels.

You collected 231 gold pieces.

Inventory:

Hand Weapons
 a - a +0 club
 t - a +0 lajatang
Armour
 b - a +0 helmet (worn)
 d - a +0 robe (worn)
 p - a +0 pair of gloves
 x - a +2 pair of gloves (worn)
Jewellery
 n - a ring of wizardry (left hand)
 u - a ring of resist corrosion (right hand)
Scrolls
 c - a scroll of butterflies
 f - a scroll of enchant weapon
 h - 2 scrolls of amnesia {unknown}
 j - a scroll of poison
 k - a scroll of vulnerability
 o - a scroll of fog
 r - a scroll of teleportation {unknown}
 s - 2 scrolls of fear {unknown}
 v - a scroll of magic mapping {unknown}
 w - a scroll of immolation {unknown}
Potions
 g - a potion of flight
 i - a potion of resistance
 m - a potion of cancellation {unknown}


   Skills:
 - Level 2.4 Fighting
 - Level 1.0 Armour
 - Level 1.0 Stealth
 - Level 1.7 Unarmed Combat
 - Level 2.4 Spellcasting
 + Level 3.5 Conjurations
 - Level 4.0 Fire Magic
 - Level 2.1 Invocations


You had one spell level left.
You knew the following spells:

 Your Spells              Type           Power      Damage    Failure   Level
a - Foxfire               Conj/Fire      56%        2x1d6     1%          1
b - Scorch                Fire           30%        2d6       2%          2
c - Sticky Flame          Conj/Fire      14%        2d4       16%         4

Your spell library contained the following spells:

 Spells                   Type           Power      Damage    Failure   Level
 Dazzling Flash           Conj/Hex       16%        N/A       11%         3
 Ignite Poison            Fire/Tmut/Pois 6%         N/A       13%         3
 Freezing Cloud           Conj/Ice/Air   3%         6-21      75%         5


Dungeon Overview and Level Annotations

Branches:
Dungeon (4/15)
 Temple: D:4-7

Altars:
Fedhas

Shops:
D:1 :   D:4 [


Innate Abilities, Weirdness & Mutations

You may rarely emit foul miasma when damaged in melee.
Your touch may inflict irresistible damage on your foes.


Message History

The orc wizard points at you and mumbles some strange words.
You resist with some effort.
You barely miss the orc wizard. Your touch misses the orc wizard.
The orc wizard hits you but does no damage.
You are poisoned.
You barely miss the orc wizard.
You touch the orc wizard!
The orc wizard is heavily wounded.
You feel very sick. The orc wizard closely misses you.
Okay, then.
You aren't carrying any items that you can evoke.
Okay, then.
You closely miss the orc wizard.
The orc wizard is heavily wounded.
You feel sick.
The orc wizard hits you with a +1 dagger of venom.
You are lethally poisoned!
You hit the orc wizard.
The orc wizard is almost dead.
* * * LOW HITPOINT WARNING * * *
You feel very sick.
The orc wizard hits you but does no damage.
You are more poisoned.
You closely miss the orc wizard.
The orc wizard is almost dead.
* * * LOW HITPOINT WARNING * * *
You feel very sick. The orc wizard completely misses you.
It was a potion of flight.
You feel very buoyant.
You fly up into the air.
* * * LOW HITPOINT WARNING * * *
You feel very sick.
The orc wizard hits you but does no damage.
You are more poisoned.
It was a potion of berserk rage.
A red film seems to cover your vision as you go berserk!
You feel yourself moving faster!
You feel mighty!
You die...
Fedhas appreciates your contribution to the ecosystem.

_..####..####.÷÷........
...............#........
##.........#'##########+
###.....<..#....#.......
###........#....#.......
∩##........#....#.......
###........#....#.......
###........#...)#.......
.#.........#...)@o......
.#.........#....#.......
##.........#############
###########


You could see an orc wizard.

Vanquished Creatures
  A black bear (D:4)
  An orc priest (D:4)
  3 adders
  A gnoll (D:2)
  A worm (D:2)
  2 dart slugs
  4 orcs (D:4)
  5 endoplasms
  3 giant cockroaches
  7 goblins
  7 hobgoblins
  4 jackals
  4 kobolds
  6 quokkas
  8 ball pythons
  9 bats
  A frilled lizard (D:2)
  4 rats
71 creatures vanquished.

Vanquished Creatures (others)
  23 foxfires (D:1)
23 creatures vanquished.

Grand Total: 94 creatures vanquished

Notes
Turn   | Place    | Note
-------+----------+-------------------------------------------
     0 | D:1      | Monkooky the Demonspawn Wanderer began the quest for the
                  | Orb.
     0 | D:1      | Monkooky set off with the following items: a +0 club, a +0
                  | helmet, a scroll of butterflies, a +0 robe, a potion of
                  | curing; and the following spell memorised: Foxfire; and the
                  | following spells available to memorise: Scorch, Ignite
                  | Poison.
     0 | D:1      | Reached XP level 1. HP: 13/13 MP: 2/2
   165 | D:1      | Reached skill level 4 in Fire Magic
   251 | D:1      | Gained mutation: Your touch may inflict minor irresistible
                  | damage on your foes. [demonic ancestry]
   251 | D:1      | Reached XP level 2. HP: 19/19 MP: 0/3
   312 | D:1      | Found a faded altar of an unknown god.
   317 | D:1      | Prayed at the altar of an unknown god.
   317 | D:1      | Became a worshipper of Fedhas Madash
   317 | D:1      | Reached * piety under Fedhas
   483 | D:1      | Learned a level 2 spell: Scorch
   583 | D:1      | Reached skill level 1 in Fighting
   774 | D:1      | Found Loicumer's Book Emporium.
   794 | D:1      | Got the Folio of Conjuration
  1157 | D:2      | Gained mutation: You may rarely emit foul miasma when
                  | damaged in melee. [demonic ancestry]
  1157 | D:2      | Reached XP level 3. HP: 27/27 MP: 0/5
  1312 | D:2      | Reached ** piety under Fedhas
  1929 | D:2      | Reached XP level 4. HP: 33/34 MP: 1/6
  3287 | D:3      | Learned a level 4 spell: Sticky Flame
  3752 | D:4      | Noticed a black bear
  3757 | D:4      | Killed a black bear
  3758 | D:4      | Gained mutation: Your touch may inflict irresistible damage
                  | on your foes. [demonic ancestry]
  3758 | D:4      | Reached XP level 5. HP: 39/39 MP: 1/8
  3835 | D:4      | Found Gumoan's Antique Armour Boutique.
  3958 | D:4      | Reached *** piety under Fedhas
  3992 | D:4      | HP: 1/39 [poisoned by an orc wizard]
  3993 | D:4      | Succumbed to an orc wizard's poison

Illustrated notes

Levels and vault maps discovered:
D:1:      dpeg_arrival_arbitrary_a, layout_loops_ring,
          chequers_ecumenical_altar_simple, serial_shops,
          nicolae_shop_pleasant_corner_grove, minmay_misc_feat_iff
D:2:      layout_basic, minmay_diced_spiral
D:3:      layout_loops_corners
D:4:      layout_gridville, mainiacjoe_overflow_boulevard,
          nicolae_overflow_two_pavilions, serial_shops,
          nicolae_shop_just_a_little_nook, amcnicky_mini_pool_small, uniq_edmund

Skill      XL: |  1  2  3  4 |
---------------+-------------+-----
Fire Magic     | 4 |  4.0
Fighting       | 1 2 |  2.4
Invocations    | 2 |  2.1
Spellcasting   | 2 |  2.4
Conjurations   | 3 |  3.5
Armour         | |  1.0
Stealth        | |  1.0
Unarmed Combat | |  1.7

Action                     |  1- 3 |  4- 6 || total
---------------------------+-------+-------++-------
  Melee: Unarmed           |    45 |    28 ||    73
         Club              |     3 |       ||     3
         Touch             |     5 |     5 ||    10
   Cast: Foxfire           |    12 |       ||    12
         Scorch            |    27 |    36 ||    63
    Use: Scroll            |       |     6 ||     6
         Potion            |       |     5 ||     5
   Stab: Sleeping          |     1 |       ||     1
 Armour: Robe              |    18 |    14 ||    32
  Dodge: Dodged            |    41 |     7 ||    48
